 Dungeon Crawl Stone Soup version 0.31-a0-188-g5e087ee2ca (webtiles) character file.

Game seed: 6113415308880270709

44 qw the Shooter (level 3, -6/20 HPs)
             Began as a Deep Elf Hunter on June 23, 2023.
             Mangled by a gnoll
             ... wielding a +0 spear
              (7 damage)
             ... on level 2 of the Dungeon.
             The game lasted 00:00:18 (564 turns).

qw the Shooter (Deep Elf Hunter)                     Turns: 564, Time: 00:00:19

Health: -6/20      AC:  5    Str: 10    XL:     3   Next: 39%
Magic:  5/5        EV: 11    Int: 13    God:
Gold:   38         SH:  0    Dex: 18    Spells: 2/2 levels left

rFire   . . .        Y - +0 shortbow
rCold   . . .        (shield currently unavailable)
rNeg    . . .        j - +0 ring mail
rPois   .            (no helmet)
rElec   .            (no cloak)
rCorr   .            (no gloves)
SInv    .            (no boots)
Will    +....        (no amulet)
Stlth   +            e - ring of willpower
HPRegen 0.23/turn    (no ring)
MPRegen 0.09/turn

%: no passive effects
@: about to teleport
A: no striking features
a: no special abilities


You were on level 2 of the Dungeon.
You visited 1 branch of the dungeon, and saw 2 of its levels.

You collected 38 gold pieces.


   Skills:
 - Level 1.5 Fighting
 + Level 7.0 Ranged Weapons
 - Level 2.4 Dodging
 - Level 1.2 Stealth


You had 2 spell levels left.
You didn't know any spells.
Your spell library was empty.

Inventory:

Hand Weapons
 Y - a +0 shortbow (weapon)
Armour
 j - a +0 ring mail (worn)
Jewellery
 e - a ring of willpower (left hand)
Potions
 h - a potion of haste {unknown}

Dungeon Overview and Level Annotations

Branches:
Dungeon (2/15)

Altars:

Shops:
D:1 [


Message History

The arrow hits the endoplasm but does no damage.
The endoplasm is almost dead.
You shoot an arrow. The arrow hits the endoplasm!
You kill the endoplasm!
A gnoll comes into view. It is wielding a +0 spear.
The gnoll moves out of view.
You shoot an arrow. The arrow hits the hobgoblin!
You kill the hobgoblin!
Your Ranged Weapons skill increases to level 7!
A gnoll comes into view.
It is wielding a +2 halberd of protection.
The gnoll shouts!
You hear a shout!
Enter note:
Enter note: You shoot an arrow.
The arrow hits the gnoll!
The gnoll is severely wounded.
You hear a shout!
A gnoll comes into view. It is wielding a +0 halberd.
You shoot an arrow. The arrow barely misses the gnoll.
The arrow hits the gnoll.
The gnoll is heavily wounded.
You shoot an arrow. The arrow hits the gnoll.
The gnoll is severely wounded.
A hobgoblin comes into view.
You shoot an arrow. The arrow closely misses the gnoll.
The hobgoblin shouts!
The arrow hits the gnoll.
The gnoll is severely wounded.
You shoot an arrow. The arrow barely misses the gnoll.
You shoot an arrow. The arrow hits the gnoll.
The gnoll is severely wounded.
The gnoll hits you from afar with a +0 halberd!
Ouch! That really hurt!
The gnoll closely misses you.
563 ||| READING scroll of teleportation.
As you read the scroll of teleportation, it crumbles to dust.
You feel strangely unstable.
The gnoll hits you from afar with a +0 spear.
The gnoll barely misses you.
You shoot an arrow. The arrow barely misses the gnoll.
The gnoll hits you from afar with a +0 spear!
You die...

.....#...#......
................
#.........)...##
..##.###........ ##
#.###........
###...........
#......##.....
..####.............
....gg.@).###......
.....g..### .....#
.....g... #.#..
.....##..# ..#
..... ##.. .# ....
..# ... ..# ... ...


You could see 3 gnolls and a hobgoblin.

Vanquished Creatures
  An adder (D:1)
  An orc (D:2)
  A ball python (D:2)
  6 endoplasms
  2 giant cockroaches (D:1)
  5 goblins
  4 hobgoblins
  A kobold (D:1)
  A quokka (D:1)
  2 bats (D:1)
  3 rats
27 creatures vanquished.

Notes
Turn   | Place    | Note
-------+----------+-------------------------------------------
     0 | D:1      | qw the Deep Elf Hunter began the quest for the Orb.
     0 | D:1      | Reached XP level 1. HP: 12/12 MP: 3/3
     0 | D:1      | 0 ||| qw: Version: 0.3-a-9-g12657ce
     0 | D:1      | 0 ||| qw: Game counter: 3658
     0 | D:1      | 0 ||| qw: Always use a shield: true
     0 | D:1      | 0 ||| qw: God list: Okawaru
     0 | D:1      | 0 ||| qw: Allow faded altars: false
     0 | D:1      | 0 ||| qw: Do Orc after D:15 true
     0 | D:1      | 0 ||| qw: Do second Lair branch before Depths: true
     0 | D:1      | 0 ||| qw: Lair rune preference: random
     0 | D:1      | 0 ||| qw: Plans: Normal
     0 | D:1      | 0 ||| PLANNING D:1-11
    54 | D:1      | Reached skill level 6 in Ranged Weapons
    54 | D:1      | Reached XP level 2. HP: 16/16 MP: 4/4
   153 | D:1      | Found Vuimed's Armour Shop.
   159 | D:1      | 159 ||| SHOPLISTING +0 cloak (54 gold, have 15).
   159 | D:1      | 159 ||| SHOPLISTING +0 ring mail (48 gold, have 15).
   159 | D:1      | 159 ||| SHOPLISTING +0 ring mail of Ziwyxt {Str+4} (232
                  | gold, have 15).
   450 | D:1      | 450 ||| UPGRADING to +0 ring mail.
   460 | D:1      | 460 ||| DROPPING +0 leather armour.
   461 | D:1      | 461 ||| UPGRADING to ring of willpower.
   462 | D:1      | 462 ||| READING 2 scrolls labelled ROIH LOIC FUM.
   467 | D:1      | 467 ||| READING scroll labelled JOFABA IWKUWEX.
   468 | D:1      | 468 ||| READING scroll labelled VOCKUM VYUBRA.
   469 | D:1      | 469 ||| READING scroll labelled ETUSIU SOCINGE.
   470 | D:1      | 470 ||| DROPPING scroll of butterflies.
   484 | D:2      | 484 ||| STAIRDANCE
   488 | D:1      | Reached XP level 3. HP: 15/20 MP: 5/5
   555 | D:2      | Reached skill level 7 in Ranged Weapons
   562 | D:2      | HP: 5/20 [gnoll/+0 halberd (15)]
   563 | D:2      | 563 ||| READING scroll of teleportation.
   563 | D:2      | HP: 1/20 [gnoll/+0 spear (4)]
   564 | D:2      | Mangled by a gnoll

Levels and vault maps discovered:
D:1:      ncdulo_watergridlock, layout_rooms, serial_shops, shop
D:2:      layout_rooms

Skill      XL: |  1  2  3 |
---------------+----------+-----
Ranged Weapons | 6 7 |  7.0
Fighting       | |  1.5
Dodging        | |  2.4
Stealth        | |  1.2

Action                     || total
---------------------------++-------
   Fire: Shortbow          ||    74
    Use: Scroll            ||     5
 Armour: Leather armour    ||     1
         Ring mail         ||     2
  Dodge: Dodged            ||    14

Table legend:
 A = Non-vault XP
 B = Vault XP
 C = Vault XP percentage of total XP
 D = Non-vault monster count
 E = Vault monster count
 F = Vault count percentage of total count
                 A         B        C        D         E       F
            +---------+---------+-------+---------+---------+-------
      Total |      63 |       0 |   0.0 |      27 |       0 |   0.0
            +---------+---------+-------+---------+---------+-------
        D:1 |      49 |       0 |   0.0 |      20 |       0 |   0.0
        D:2 |      14 |       0 |   0.0 |       7 |       0 |   0.0
            +---------+---------+-------+---------+---------+-------
